 Dungeon Crawl Stone Soup version 0.24.0-13-gcf9b319 (webtiles) character file.

Game seed: 15912122475144129225, levelgen mode: deterministic

151603 Fang the Peltast (level 17, -1/116 HPs)
             Began as a Gargoyle Fighter on Jan 2, 2020.
             Was the Champion of Trog.
             Slain by a wolf spider (2 damage)
             ... on level 4 of the Spider Nest.
             The game lasted 00:30:56 (22950 turns).

Fang the Peltast (Gargoyle Fighter)                Turns: 22950, Time: 00:30:57

Health: -1/116     AC: 39    Str: 26    XL:     17   Next: 56%
Magic:  0/17       EV:  3    Int: 10    God:    Trog [******]
Gold:   2852       SH:  0    Dex: 19    Spells: 16/16 levels left

rFire    + + .     SeeInvis +   A - +8 broad axe (vamp)
rCold    + . .     Gourm    .   s - +8 large shield of Kich {rC- rN+ MR+}
rNeg     + + .     Faith    .   b - +7 plate armour
rPois    ∞         Spirit   +   D - +2 helmet
rElec    +         Reflect  .   J - scarf {repulsion}
rCorr    .         Harm     .   Q - +1 pair of gloves (curse)
MR       ++...                  (no boots)
Stlth    ..........             r - amulet "Ogywn" {Spirit *Slow rF++ Dex+6}
HPRegen  0.29/turn              f - ring of protection from cold
MPRegen  0.15/turn              L - ring "Qoan" {rElec rC+ Dex+4 SInv}

@: corroded, flying, held, slowed, repel missiles, very slow
A: big wings, negative energy resistance 1, electricity resistance, unbreathing,
petrification resistance, rot immunity, AC +12
a: Stop Flying, Berserk, Trog's Hand, Brothers in Arms, Renounce Religion


You were on level 4 of the Spider Nest.
You worshipped Trog.
Trog was exalted by your worship.
You were not hungry.

You visited 5 branches of the dungeon, and saw 28 of its levels.
You visited the Abyss 1 time.

You collected 2906 gold pieces.
You spent 54 gold pieces at shops.

Inventory:

Hand Weapons
 a - a +1 broad axe of chopping
 y - a +4 broad axe of freezing
 A - a +8 vampiric broad axe (weapon)
Armour
 b - a +7 plate armour (worn)
 n - a scarf of cloud immunity
 s - the +8 large shield of Kich (worn) {rC- rN+ MR+}
   (You found it on level 6 of the Dungeon)

   It makes you vulnerable to cold.
   It protects you from negative energy.
   It affects your resistance to hostile enchantments.
 B - a +1 shield
 D - a +2 helmet (worn)
 J - a scarf of repulsion (worn)
 Q - a cursed +1 pair of gloves (worn)
Jewellery
 f - a ring of protection from cold (left hand)
 r - the amulet "Ogywn" (around neck) {Spirit *Slow rF++ Dex+6}
   (You found it on level 6 of the Dungeon)

   [amulet of guardian spirit]

   It causes incoming damage to be split between your health and magic.
   It affects your dexterity (+6).
   It greatly protects you from fire.
   It may slow you when you take damage.
 C - an uncursed amulet of regeneration
 G - an uncursed ring of protection from magic
 L - the ring "Qoan" (right hand) {rElec rC+ Dex+4 SInv}
   (You found it on level 12 of the Dungeon)

   [ring of see invisible]

   It affects your dexterity (+4).
   It protects you from cold.
   It insulates you from electricity.
   It lets you see invisible.
 M - an uncursed amulet of the gourmand
Wands
 p - a wand of digging (20)
 t - a wand of scattershot (20)
 u - a wand of polymorph (20)
 v - a wand of random effects (26)
 x - a wand of flame (80)
 H - a wand of paralysis (31)
 I - a wand of disintegration (18)
 K - a wand of enslavement (4)
 N - a wand of acid (10)
 S - a wand of iceblast (19)
Scrolls
 h - 3 scrolls of blinking
 k - 12 scrolls of remove curse
 m - 2 scrolls of magic mapping
 o - 8 scrolls of fog
 q - 13 scrolls of teleportation
 P - 5 scrolls of identify
Potions
 d - 7 potions of might
 e - 6 potions of haste
 g - 14 potions of curing
 i - 5 potions of mutation
 j - a potion of berserk rage
 l - 4 potions of heal wounds
 w - a potion of invisibility
 z - 3 potions of resistance
 E - 2 potions of ambrosia
 O - 5 potions of cancellation
Comestibles
 c - 45 rations
 F - 8 chunks of flesh


   Skills:
 + Level 16.6 Fighting
 + Level 14.2 Axes
 + Level 16.7 Armour
 + Level 16.7 Shields


You had 16 spell levels left.
You didn't know any spells.
Your spell library was empty.

Dungeon Overview and Level Annotations

Branches:
Dungeon (15/15)            Temple (1/1) D:4            Lair (6/6) D:10
  Swamp (0/4) Lair:3       Spider (4/4) Lair:2        Slime (0/5) Lair:6
    Orc (2/2) D:12            Elf (0/3) Orc:2        Vaults (0/5) D:14
 Depths (0/5) D:15

Altars:
Ashenzari
Cheibriados
Dithmenos
Elyvilon
Fedhas
Gozag
Hepliaklqana
Kikubaaqudgha
Makhleb
Nemelex Xobeh
Okawaru
Qazlal
Ru
Sif Muna
Trog
Uskayaw
Vehumet
Wu Jian
Xom
Yredelemnul
Zin
The Shining One

Shops:
D:4 !   D:14 %   Orc:2 *=(*[

Annotations:
Spider:1 Roxanne


Innate Abilities, Weirdness & Mutations

You are resistant to torment.
Your stone body is resilient. (AC +12)
You are immune to poison.
Your large and strong wings let you fly indefinitely.
You resist negative energy. (rN+)
You are resistant to electric shocks. (rElec)
You can survive without breathing.
You are immune to petrification.
You are immune to rotting.


Message History

The emperor scorpion struggles to get unstuck from the web.
You struggle to detach yourself from the web.
The wolf spider hits you but does no damage.
The wolf spider bites you but does no damage.
The redback bites you but does no damage.
The hornet barely misses you. The wolf spider barely misses you.
The wolf spider bites you.
* * * LOW HITPOINT WARNING * * *
The wolf spider hits you but does no damage.
The wolf spider bites you.
* * * LOW HITPOINT WARNING * * *
The redback bites you.
* * * LOW HITPOINT WARNING * * *
The emperor scorpion pulls away from the web.
The wolf spider hits you.
* * * LOW HITPOINT WARNING * * *
The wolf spider bites you but does no damage.
The hornet stings you but does no damage.
The jumping spider leaps!
The wolf spider hits you.
You die...

##.^^...#....^#
^.
##†.....^.......
.
#.†○............
#^.#....#.^.^..^
#.^#...###^^..
#^.##...# ....
#...#...^. ..
#°s##^..#^^ #s@#
^.###. #ys# ..


#sss ##wss #.... #^.#.. #..##.. #^.. #.. You could see 2 emperor scorpions, a
torpor snail, 2 wolf spiders, an orb spider, a hornet, a jumping spider, a
tarantella and a redback.

Vanquished Creatures
  Arachne (Spider:4)
  Jorgrun (D:15)
  A tentacled monstrosity (Abyss:3)
  A tentacled starspawn (Abyss:3)
  2 ghost moths (Spider:4)
  An orc warlord (Orc:2)
  7 emperor scorpions
  3 entropy weavers
  3 spark wasps
  A rakshasa (D:15)
  7 hydras
  Erica (Lair:2)
  A merfolk avatar (Lair:6)
  2 two-headed ogres
  2 centaur warriors (D:15)
  A catoblepas (Lair:4)
  The ghost of LobsterGuardian the Carver, a novice DsMo of Qazlal (D:9)
  An orc high priest (Orc:1)
  Nergalle (Lair:2)
  A sea snake (Lair:6)
  3 unseen horrors
  A glowing orange brain (D:15)
  5 lindwurms
  5 orc knights (Orc:2)
  A necromancer (D:14)
  A faun (Lair:3)
  2 orc sorcerers (Orc:2)
  25 wolf spiders
  18 ugly things
  14 orb spiders
  4 cyclopes
  3 manticores
  3 elephants (Lair:5)
  4 centaur zombies
  A torpor snail (Spider:3)
  3 gargoyles
  5 black mambas
  11 spiny frogs
  A smoke demon (Abyss:3)
  8 rime drakes
  9 komodo dragons
  6 demonic crawlers
  9 trolls
  An ancient zyme (Abyss:3)
  A hydra zombie (Abyss:3)
  37 jumping spiders
  14 hornets
  14 polar bears
  4 meliai
  A queen bee (Spider:1)
  A bog body (Lair:3)
  A raiju (Lair:1)
  A raiju (shapeshifter) (D:15)
  15 blink frogs
  9 slime creatures (D:15)
  A hippogriff (shapeshifter) (Abyss:3)
  6 hippogriffs
  7 dream sheep (Lair:5)
  22 tarantellas
  A shadow (D:13)
  62 redbacks
  2 vampires
  A ynoxinul (Abyss:3)
  7 wyverns
  5 wraiths
  30 yaks
  5 basilisks
  Eustachio (D:6)
  3 hungry ghosts
  2 vampire mosquitoes (D:14)
  2 soldier ants
  2 wargs (Orc:2)
  An acid dragon (D:13)
  14 water moccasins
  4 porcupines
  25 orc warriors
  3 small abominations (Abyss:3)
  3 phantoms
  6 sky beasts
  10 black bears
  4 centaurs
  13 ogres
  46 wolves
  16 crocodiles
  3 big kobolds
  15 bullfrogs
  A gnoll sergeant (D:5)
  5 scorpions
  20 killer bees (Spider:1)
  11 wights
  4 electric eels
  6 crimson imps
  3 howler monkeys
  2 bullfrog zombies
  5 jellies
  5 hounds
  9 orc priests
  An iron imp (D:9)
  21 orc wizards
  2 bullfrog skeletons
  5 centaur skeletons
  5 iguanas
  12 worker ants
  A hound zombie (D:8)
  3 hound skeletons
  7 gnolls
  10 adders
  A howler monkey skeleton (D:6)
  4 shadow imps
  5 oozes
  An adder zombie (D:6)
  2 adder skeletons (D:8)
  6 worms
  A dart slug (D:1)
  2 leopard geckos
  57 orcs
  4 giant cockroaches
  22 goblins
  12 hobgoblins
  5 jackals
  12 kobolds
  5 quokkas
  A ball python (D:3)
  6 bats
  4 frilled lizards
  2 goblin zombies (D:9)
  A hobgoblin zombie (D:9)
  3 kobold skeletons (D:9)
  A kobold zombie (D:9)
  2 orc skeletons (D:9)
  3 orc zombies (D:9)
  A quokka skeleton (D:4)
  2 quokka zombies
  6 rats
  9 fungi
  5 plants
  2 starspawn tentacles (Abyss:3)
927 creatures vanquished.

Vanquished Creatures (collateral kills)
  A tentacled starspawn (Abyss:3)
  A hydra (D:14)
  3 thrashing horrors (Abyss:3)
  A wolf spider zombie (D:14)
  An orb spider (shapeshifter) (D:15)
  A slime creature (D:15)
  A centaur zombie (D:14)
  A rime drake (shapeshifter) (D:15)
  A meliai (D:14)
  A black bear (shapeshifter) (D:15)
  A shadow imp (D:14)
13 creatures vanquished.

Vanquished Creatures (others)
  A meliai (Spider:1)
  2 tarantellas
  An orc wizard (D:7)
  4 fungi
  A plant (Lair:6)
  5 starspawn tentacles (Abyss:3)
14 creatures vanquished.

Grand Total: 954 creatures vanquished

Notes
Turn   | Place    | Note
-------+----------+-------------------------------------------
     0 | D:1      | Fang the Gargoyle Fighter began the quest for the Orb.
     0 | D:1      | Reached XP level 1. HP: 14/14 MP: 1/1
   270 | D:1      | Reached XP level 2. HP: 12/19 MP: 2/2
  1110 | D:2      | Reached XP level 3. HP: 16/23 MP: 3/3
  1376 | D:2      | Reached XP level 4. HP: 29/29 MP: 4/4
  1799 | D:3      | Reached XP level 5. HP: 33/33 MP: 5/5
  2333 | D:3      | Reached XP level 6. HP: 39/39 MP: 6/6
  2559 | D:4      | Found Camacho's Distillery.
  2666 | D:4      | Found a staircase to the Ecumenical Temple.
  2721 | Temple   | Entered the Ecumenical Temple
  2780 | Temple   | Became a worshipper of Trog the Wrathful
  2967 | D:4      | Found a shattered altar of Ashenzari.
  3381 | D:5      | Entered Level 5 of the Dungeon
  3422 | D:5      | Identified the +7 short sword of Twilight {drain, rElec
                  | rN++}
  3436 | D:5      | Reached skill level 5 in Fighting
  3436 | D:5      | Reached skill level 5 in Armour
  3436 | D:5      | Reached skill level 5 in Shields
  3516 | D:5      | Reached XP level 7. HP: 37/44 MP: 7/7
  3555 | D:5      | Found a sacrificial altar of Ru.
  3721 | D:5      | Reached * piety under Trog
  4041 | D:6      | Got a faintly glowing iron amulet
  4054 | D:6      | Reached XP level 8. HP: 48/51 MP: 8/8
  4065 | D:6      | Got a spiked large shield
  4076 | D:6      | Identified the +8 large shield of Kich {rC- rN+ MR+} (You
                  | found it on level 6 of the Dungeon)
  4124 | D:6      | Noticed Eustachio
  4159 | D:6      | Killed Eustachio
  4559 | D:6      | Found a shadowy altar of Dithmenos.
  4559 | D:6      | Found an opulent altar of Gozag.
  4877 | D:7      | Reached ** piety under Trog
  4893 | D:7      | Reached skill level 5 in Axes
  5084 | D:7      | Identified the amulet "Ogywn" {Spirit *Slow rF++ Dex+6}
                  | (You found it on level 6 of the Dungeon)
  5212 | D:7      | Reached XP level 9. HP: 56/56 MP: 9/9
  5800 | D:8      | Found a shimmering blue altar of Sif Muna.
  5899 | D:8      | Reached *** piety under Trog
  6274 | D:9      | Reached XP level 10. HP: 64/64 MP: 10/10
  6468 | D:9      | Found a runed translucent door.
  6468 | D:9      | Noticed LobsterGuardian's ghost (novice DsMo)
  6483 | D:9      | Reached **** piety under Trog
  6497 | D:9      | Killed LobsterGuardian's ghost
  6591 | D:9      | Found a glowing golden altar of the Shining One.
  6978 | D:10     | Entered Level 10 of the Dungeon
  7072 | D:10     | Reached XP level 11. HP: 71/71 MP: 11/11
  7212 | D:10     | Reached ***** piety under Trog
  7254 | D:10     | Reached skill level 10 in Shields
  7279 | D:10     | Found a staircase to the Lair.
  7344 | D:10     | Reached skill level 10 in Fighting
  7506 | D:11     | Identified a scroll of acquirement
  7507 | D:11     | Found the +10 zealot's sword {holy, *Rage rN+ EV+3}
  7536 | D:11     | Reached skill level 10 in Armour
  7994 | D:12     | Killed an unseen horror
  8159 | D:12     | Noticed a lindwurm
  8159 | D:12     | Noticed a lindwurm
  8160 | D:12     | Noticed a lindwurm
  8161 | D:12     | Noticed a lindwurm
  8222 | D:12     | Noticed a cyclops
  8232 | D:12     | Killed a cyclops
  8450 | D:12     | Found a staircase to the Orcish Mines.
  8463 | D:12     | Killed an unseen horror
  8671 | D:12     | Killed a lindwurm
  8673 | D:12     | Killed a lindwurm
  8673 | D:12     | Reached XP level 12. HP: 79/79 MP: 8/12
  8739 | D:12     | Got a bound bone ring
  8796 | D:12     | Identified the ring "Qoan" {rElec rC+ Dex+4 SInv} (You
                  | found it on level 12 of the Dungeon)
  8957 | Lair:1   | Entered Level 1 of the Lair of Beasts
  9145 | Lair:1   | Received a gift from Trog
  9158 | Lair:1   | Cast into level 3 of the Abyss (a distortion unwield)
  9211 | Abyss:3  | Noticed a tentacled monstrosity
  9231 | Abyss:3  | Killed a tentacled monstrosity
  9259 | Abyss:3  | Noticed a tentacled starspawn
  9260 | Abyss:3  | Noticed a thrashing horror
  9262 | Abyss:3  | Noticed a thrashing horror
  9263 | Abyss:3  | Noticed a thrashing horror
  9266 | Abyss:3  | Killed a thrashing horror
  9270 | Abyss:3  | Killed a thrashing horror
  9276 | Abyss:3  | Killed a tentacled starspawn
  9276 | Abyss:3  | Reached skill level 10 in Axes
  9276 | Abyss:3  | Noticed a tentacled starspawn
  9288 | Abyss:3  | Killed a thrashing horror
  9290 | Abyss:3  | Killed a tentacled starspawn
  9290 | Abyss:3  | Reached XP level 13. HP: 54/86 MP: 8/13
  9301 | Lair:1   | Escaped the Abyss
 10046 | Lair:2   | Noticed Nergalle
 10054 | Lair:2   | Killed Nergalle
 10784 | Lair:2   | Found a hole to the Spider Nest.
 10904 | Lair:2   | Noticed Erica
 10916 | Lair:2   | Killed Erica
 10916 | Lair:2   | Received a gift from Trog
 11440 | Lair:3   | Found a staircase to the Swamp.
 12003 | Lair:4   | Gained mutation: Your large and strong wings let you fly
                  | indefinitely. [Gargoyle growth]
 12003 | Lair:4   | Reached XP level 14. HP: 94/94 MP: 12/14
 12970 | Lair:5   | Found a dark tunnel.
 13085 | Lair:5   | Received a gift from Trog
 13693 | Lair:6   | Entered Level 6 of the Lair of Beasts
 14051 | Lair:6   | Found a staircase to the Slime Pits.
 15354 | D:13     | Reached XP level 15. HP: 100/100 MP: 15/15
 15363 | D:13     | Reached ****** piety under Trog
 16060 | D:14     | Found Plog's Food Shoppe.
 16661 | D:14     | Found a white marble altar of Elyvilon.
 16760 | D:14     | Received a gift from Trog
 16924 | D:14     | Found a gate to the Vaults.
 16975 | D:15     | Entered Level 15 of the Dungeon
 17090 | D:15     | Found a frozen archway.
 17647 | D:15     | Noticed Jorgrun
 17660 | D:15     | Killed Jorgrun
 17761 | D:15     | Reached skill level 15 in Armour
 17761 | D:15     | Reached skill level 15 in Shields
 17774 | D:15     | Found a staircase to the Depths.
 17796 | D:15     | Reached skill level 15 in Fighting
 17796 | D:15     | Paralysed by a floating eye for 3 turns
 18223 | Orc:1    | Entered Level 1 of the Orcish Mines
 18429 | Orc:2    | Entered Level 2 of the Orcish Mines
 18466 | Orc:2    | Found Lacuaxyt's Antique Weapon Shoppe.
 18555 | Orc:2    | Found Jeimae's Antique Armour Boutique.
 18676 | Orc:2    | Found Noecenad's Jewellery Emporium.
 18709 | Orc:2    | Found Aoeqkau's Alliterative Accessories.
 18762 | Orc:2    | Noticed an orc warlord
 18763 | Orc:2    | Found Teopnonon's General Store.
 18773 | Orc:2    | Received a gift from Trog
 18777 | Orc:2    | Reached XP level 16. HP: 102/108 MP: 7/16
 18898 | Orc:2    | Found a bloodstained altar of Trog.
 19050 | Orc:2    | Found a staircase to the Elven Halls.
 19500 | Spider:1 | Entered Level 1 of the Spider Nest
 19539 | Spider:1 | Identified Roxanne's Compendium of Earth
 19539 | Spider:1 | Noticed Roxanne
 20077 | Orc:2    | Bought a scroll of teleportation for 54 gold pieces
 20558 | Spider:2 | Received a gift from Trog
 20928 | Spider:2 | You are sucked into a shaft and drop 1 floor!
 21420 | Spider:3 | Received a gift from Trog
 21548 | Spider:3 | Reached XP level 17. HP: 115/115 MP: 13/17
 22510 | Spider:2 | Identified the +7 battleaxe "Vearol" {chop, rC+} (You found
                  | it on level 2 of the Spider Nest)
 22597 | Spider:4 | Entered Level 4 of the Spider Nest
 22758 | Spider:4 | Noticed Arachne
 22774 | Spider:4 | Received a gift from Trog
 22781 | Spider:4 | Killed Arachne
 22950 | Spider:4 | HP: 4/116 [redback (2)]
 22950 | Spider:4 | HP: 1/116 [wolf spider (3)]
 22950 | Spider:4 | Slain by a wolf spider

Levels and vault maps discovered:
D:1:      dpeg_cavernosity, layout_basic
D:2:      layout_basic
D:3:      cheibrodos_greedy_goblins, layout_basic
D:4:      kennysheep_the_goblin_king, layout_rooms, kennysheep_mini_moat,
          minmay_temple_entry_arrows, serial_shops, shop, grunt_ministairs_8
D:5:      layout_loops_ring, first_ration, nicolae_ru_awakened_eye
D:6:      layout_loops_cross, gammafunk_temple_overflow_elements, uniq_eustachio
D:7:      layout_basic, kennysheep_dice
D:8:      layout_basic, overflow_temple_1_default
D:9:      layout_long_grid, nicolae_tso_besieged_by_evil,
          hellmonk_ghost_happy_afterlife, blue_anna_alchemist
          [blue_anna_fruit_fields, blue_anna_fruit_fields]
D:10:     layout_rooms, lair_entry_dummy, minmay_liquid_box
D:11:     layout_rooms, xom_shifter_show
D:12:     layout_loops_ring, david_orc_4, minmay_lindwurm_lava
D:13:     layout_big_octagon, minmay_quadrilaterals
D:14:     layout_roguey, david_vaults_1, solitary_fountain, serial_shops,
          nicolae_shop_stone, elyvilon_altar_1
D:15:     gammafunk_enter_depths_forms, layout_irregular_city,
          portal_ice_cave_rime, kennysheep_crisscross, uniq_jorgrun
Temple:   minmay_crystal_spiral_temple
Lair:1:   beast_lair_carwin_large_4, layout_regular_city,
          chequers_serial_rivers_room_b, hangedman_lair_generics_rect
Lair:2:   cheibrodos_lair_overgrown_chateau, layout_gridlike,
          spider_nest_entry_webs, uniq_nergalle, uniq_erica
Lair:3:   layout_hall_layers, skrybe_swamp_entry_bodies, serial_rivers,
          chequers_serial_rivers_marsh, chequers_serial_rivers_micro_c,
          chequers_serial_rivers_marsh, chequers_serial_rivers_large_a,
          chequers_serial_rivers_marsh, chequers_serial_rivers_marsh,
          chequers_serial_rivers_micro_b, grunt_forest_large_clearings
Lair:4:   layout_hall_layers, guppyfry_lair_drakes
Lair:5:   layout_small_grid, nicolae_volcano_entry_two_sided,
          serial_bayou_shore_a
Lair:6:   gammafunk_lair_ancient_temple, layout_misc_corridors,
          nicolae_slime_entry_slimehenge, patterned_corridor
Spider:1: layout_spider_delve, special_room [special_room_bee], uniq_roxanne
Spider:2: spiders_nest_scorpion_pit, nicolae_spider_nook,
          nicolae_spider_cling_ruins
Spider:3: nicolae_spider_mines_3
Spider:4: johnstein_spider_rune_arachne_lair
Orc:1:    layout_caves
Orc:2:    grunt_orc_gardens, layout_diamond_mine, grunt_orc_garden,
          grunt_orc_garden, grunt_orc_garden, grunt_orc_garden, special_room,
          basic_altar, nicolae_alphabet_shops

Skill      XL: |  1  2  3  4  5  6  7  8  9 10 11 12 13 14 15 16 17 |
---------------+----------------------------------------------------+-----
Axes           | 2 3 4 5 6 7 9 10 11 12 13 14 | 14.2
Fighting       | 4 5 6 8 9 10 12 13 14 15 16 | 16.6
Armour         | 4 5 6 8 9 10 12 13 14 15 16 | 16.7
Shields        | 4 5 6 8 9 10 12 13 14 15 16 | 16.7

Action                   |  1- 3 |  4- 6 |  7- 9 | 10-12 | 13-15 | 16-18 || total
-------------------------+-------+-------+-------+-------+-------+-------++-------
Melee: War axe           |   125 |   160 |   344 |   221 |       |       ||   850
       Broad axe         |       |       |       |   256 |  1070 |   790 ||  2116
Invok: Berserk           |       |       |       |     3 |     9 |     4 ||    16
       Brothers in Arms  |       |       |       |     2 |     2 |       ||     4
       Trog's Hand       |       |       |       |     1 |       |       ||     1
 Abil: Evoke Flight      |       |       |       |     2 |       |       ||     2
       Fly               |       |       |       |       |     1 |       ||     1
  Use: Scroll            |       |     8 |    12 |    11 |    16 |     9 ||    56
       Potion            |       |       |       |     1 |       |       ||     1
 Stab: Distracted        |       |       |       |     1 |     1 |       ||     2
       Petrified         |       |       |       |       |     6 |       ||     6
       Petrifying        |       |       |       |       |     1 |       ||     1
  Eat: Chunk             |     2 |     7 |    11 |    15 |    36 |    16 ||    87
       Ration            |       |       |       |       |     2 |     1 ||     3
Armor: Scale mail        |    63 |    86 |    10 |       |       |       ||   159
       Chain mail        |       |       |    77 |       |       |       ||    77
       Plate armour      |       |       |    72 |   268 |  1118 |   777 ||  2235
Dodge: Dodged            |    43 |    53 |    40 |    53 |   288 |   207 ||   684
       Deflected         |       |       |       |       |       |     1 ||     1
Block: Shield            |    59 |    87 |    45 |       |       |       ||   191
       Large shield      |       |       |   330 |   722 |  1893 |  1526 ||  4471
